 Dungeon Crawl Stone Soup version 0.19.0-20-gbc5f0c6 (webtiles) character file.

4890 lorenzova the Archer (level 10, -4/88 HPs)
             Began as a Centaur Hunter on Nov 18, 2016.
             Was a Follower of Okawaru.
             Slain by a yak (12 damage)
             ... on level 9 of the Dungeon.
             The game lasted 00:20:39 (10939 turns).

lorenzova the Archer (Centaur Hunter)              Turns: 10939, Time: 00:20:40

Health: -4/88      AC: 12    Str: 14    XL:     10   Next: 26%
Magic:  10/10      EV: 10    Int: 10    God:    Okawaru [*.....]
Gold:   256        SH:  2    Dex: 14    Spells: 0 memorised, 9 levels left

rFire  . . .     SeeInvis .     Q - +4 great sword (freeze)
rCold  . . .     Gourm    .     U - +0 chain mail
rNeg   . . .     Faith    .     (shield currently unavailable)
rPois  .         Spirit   .     K - +2 hat
rElec  .         Reflect  +     (no cloak)
rCorr  .         Harm     .     (no gloves)
MR     .....                    (no barding)
Stlth  ..........               n - +2 amulet of reflection
                                s - ring of flight
                                e - +5 ring of evasion

@: very quick
A: hooves 3, deformed body, speed 2, tough skin 3
a: Heroism, Renounce Religion, Evoke Flight


You were on level 9 of the Dungeon.
You worshipped Okawaru.
Okawaru was aware of your devotion.
You were hungry.

You visited 2 branches of the dungeon, and saw 10 of its levels.

You collected 340 gold pieces.
You spent 84 gold pieces at shops.

Inventory:

Hand Weapons
 a - a +1 shortbow
 b - a +1 spear
 P - a +5 battleaxe of freezing
 Q - a +4 great sword of freezing (weapon)
Missiles
 d - 76 arrows
Armour
 c - a +0 leather armour
 m - a +0 ring mail
 E - a +0 helmet
 K - a +2 hat (worn)
 U - a +0 chain mail (worn)
Jewellery
 e - a +5 ring of evasion (left hand)
 j - an uncursed ring of ice
 n - a +2 amulet of reflection (around neck)
 s - a ring of flight (right hand)
 x - an uncursed amulet of magic regeneration
Wands
 u - a wand of lightning (9/15)
 C - a wand of paralysis (12/24)
 H - a wand of lightning (8/15)
 L - a wand of flame (17/48)
 M - a wand of paralysis (12/24)
 N - a wand of acid (5/15)
Scrolls
 h - 2 scrolls of fog
 i - 6 scrolls of remove curse
 l - a scroll of amnesia
 p - 3 scrolls of fear {unknown}
 q - 2 scrolls of immolation {unknown}
 v - 4 scrolls of teleportation
 y - a scroll of magic mapping {unknown}
 A - 2 scrolls of blinking {unknown}
 D - 2 scrolls of enchant armour {unknown}
 F - 3 scrolls of enchant weapon {unknown}
 J - 2 scrolls of identify
 S - a scroll of random uselessness {unknown}
Potions
 o - a potion of heal wounds
 t - a potion of haste
 w - 2 potions of might
 B - a potion of resistance
 G - 2 potions of lignification
 I - a potion of brilliance {unknown}
Books
 k - a book of Changes

   Spells                             Type                      Level
   a - Beastly Appendage              Transmutation                1
   b - Sticks to Snakes               Transmutation                2
   c - Spider Form                    Transmutation/Poison         3
   d - Ice Form                       Ice/Transmutation            4
   e - Blade Hands                    Transmutation                5
 O - a book of Conjurations

   Spells                             Type                      Level
   a - Magic Dart                     Conjuration                  1
   b - Searing Ray                    Conjuration                  2
   c - Dazzling Spray                 Conjuration/Hexes            3
   d - Fulminant Prism                Conjuration/Hexes            4
   e - Iskenderun's Mystic Blast      Conjuration                  4
   f - Iskenderun's Battlesphere      Conjuration/Charms           5
Comestibles
 f - 4 bread rations
 g - 9 beef jerkies
 r - 9 royal jellies
 z - a slice of pizza
 R - 5 fruits
 T - a meat ration
 V - 2 chunks of flesh


   Skills:
 + Level 7.7 Fighting
 + Level 11.1 Bows
 * Level 8.3 Armour
 - Level 1.3 Dodging
 - Level 0.4 Stealth


You had 9 spell levels left.
You didn't know any spells.

Dungeon Overview and Level Annotations

Branches:
Dungeon (9/15)             Temple (1/1) D:4
   Lair: D:8-11         Orc: D:9-12

Altars:
Ashenzari
Cheibriados
Dithmenos
Elyvilon
Fedhas
Gozag
Hepliaklqana
Kikubaaqudgha
Makhleb
Nemelex Xobeh
Okawaru
Qazlal
Ru
Sif Muna
Trog
Uskayaw
Vehumet
Xom
Yredelemnul
Zin
The Shining One

Shops:
D:4 ?   D:5 }   D:8 (


Innate Abilities, Weirdness & Mutations

You have hooves in place of feet.
Armour fits poorly on your strangely shaped body.
You cover ground very quickly.
You have extremely tough skin. (AC +3)


Message History

The yak gores you!
* * * LOW HITPOINT WARNING * * *
The yak gores you but does no damage.
You slash the yak! You freeze the yak. Your kick misses the yak.
The yak is heavily wounded.
You block the yak's attack. The yak gores you.
* * * LOW HITPOINT WARNING * * *
You hit the yak but do no damage.
The yak is heavily wounded.
The yak gores you!
* * * LOW HITPOINT WARNING * * *
You closely miss the yak.
The yak is heavily wounded.
The yak closely misses you. x2
You slash the yak! You freeze the yak.
The yak is almost dead.
The yak gores you.
* * * LOW HITPOINT WARNING * * *
The yak gores you!
You die...

#.#.#
#.#.####
###.#....#
#....###
#.#....#
#.##...#
#.######
#.# #@#
#Y...#
####.# #


You could see a yak.

Vanquished Creatures
  A two-headed ogre (D:8)
  2 hornets
  A hippogriff (D:8)
  5 yaks (D:9)
  Grum (D:8)
  A hungry ghost (D:7)
  A soldier ant (D:8)
  A water moccasin (D:7)
  A black bear (D:4)
  An orc warrior (D:8)
  An ice beast (D:7)
  A necrophage (D:8)
  3 phantoms
  An ogre (D:7)
  4 wolves (D:8)
  2 centaurs
  Blork the orc (D:5)
  A bullfrog (D:8)
  A wyvern zombie (D:6)
  3 scorpions
  5 howler monkeys
  9 wights (D:8)
  A crimson imp (D:8)
  4 hounds
  A jelly (D:7)
  An orc wizard (D:4)
  2 centaur zombies
  4 iguanas
  9 worker ants
  A hound zombie (D:3)
  A howler monkey zombie (D:6)
  12 adders
  An ooze (D:1)
  An adder zombie (D:8)
  An adder skeleton (D:8)
  3 worms
  2 dart slugs
  2 leopard geckos
  22 orcs
  3 giant cockroaches
  2 gnoll zombies (D:6)
  7 goblins
  8 hobgoblins
  7 jackals
  5 kobolds (D:1)
  3 quokkas (D:4)
  3 ball pythons
  8 bats
  5 frilled lizards
  A jackal zombie (D:8)
  3 rats
170 creatures vanquished.

Vanquished Creatures (others)
  A plant (D:4)
1 creature vanquished.

Grand Total: 171 creatures vanquished

Notes
Turn   | Place    | Note
-------+----------+-------------------------------------------
     0 | D:1      | lorenzova the Centaur Hunter began the quest for the Orb.
     0 | D:1      | Reached XP level 1. HP: 17/17 MP: 1/1
   229 | D:1      | Reached XP level 2. HP: 24/24 MP: 2/2
   310 | D:1      | Reached skill level 1 in Armour
  1057 | D:1      | Reached XP level 3. HP: 29/29 MP: 3/3
  1533 | D:2      | Found a deep blue altar of Sif Muna.
  1631 | D:2      | Found an opulent altar of Gozag.
  2333 | D:3      | Found a burning altar of Makhleb.
  2432 | D:3      | Reached XP level 4. HP: 27/37 MP: 4/4
  2504 | D:3      | Reached skill level 6 in Bows
  2847 | D:4      | Found a staircase to the Ecumenical Temple.
  2879 | Temple   | Entered the Ecumenical Temple
  3097 | D:4      | Noticed a phantom
  3107 | D:4      | Found a blossoming altar of Fedhas.
  3203 | D:4      | Reached XP level 5. HP: 10/44 MP: 5/5
  3894 | D:4      | Noticed a black bear
  3901 | D:4      | Killed a black bear
  3901 | D:4      | Reached XP level 6. HP: 51/51 MP: 6/6
  3938 | D:4      | Found Yduag's Magic Scroll Shop.
  3941 | D:4      | Bought a scroll of identify for 24 gold pieces
  3941 | D:4      | Bought a scroll of teleportation for 36 gold pieces
  3941 | D:4      | Bought a scroll of identify for 24 gold pieces
  4001 | D:4      | Reached skill level 7 in Bows
  4270 | D:4      | Noticed a spatial vortex
  4311 | D:5      | Entered Level 5 of the Dungeon
  4362 | D:5      | Noticed Blork the orc
  4392 | D:5      | Killed Blork the orc
  4688 | D:5      | Reached XP level 7. HP: 53/59 MP: 7/7
  4749 | D:5      | Found Qoedd's Gadget Shop.
  5710 | D:6      | Found a basalt altar of Yredelemnul.
  6396 | D:6      | Reached skill level 8 in Bows
  6529 | D:7      | Reached XP level 8. HP: 67/67 MP: 8/8
  6564 | D:7      | Reached skill level 5 in Fighting
  6564 | D:7      | Reached skill level 5 in Armour
  6982 | D:7      | Found a radiant altar of Vehumet.
  7063 | D:7      | Found a shadowy altar of Dithmenos.
  7063 | D:7      | Found a faded altar of an unknown god.
  7068 | D:7      | Found a faded altar of an unknown god.
  7070 | D:7      | Found a faded altar of an unknown god.
  7200 | D:7      | Found a faded altar of an unknown god.
  7313 | D:8      | Reached skill level 9 in Bows
  7340 | D:8      | Found Beang's Weapon Shoppe.
  7502 | D:8      | Found an iron altar of Okawaru.
  7607 | D:8      | Reached XP level 9. HP: 75/75 MP: 9/9
  7649 | D:8      | Noticed Grum
  7695 | D:8      | Killed Grum
  8214 | D:7      | Paralysed by a hornet for 1 turns
  8622 | D:8      | Reached skill level 10 in Bows
  9874 | D:8      | Found an iron altar of Okawaru.
 10239 | D:8      | Became a worshipper of Warmaster Okawaru
 10253 | D:9      | Found a burning altar of Makhleb.
 10301 | D:9      | Reached XP level 10. HP: 86/86 MP: 10/10
 10923 | D:9      | Reached skill level 11 in Bows
 10927 | D:9      | Reached * piety under Okawaru
 10939 | D:9      | Slain by a yak

Skill      XL: |  1  2  3  4  5  6  7  8  9 10 |
---------------+-------------------------------+-----
Armour         | 1 2 3 4 6 7 8 |  8.3
Bows           | 6 7 8 9 10 11 | 11.1
Fighting       | 3 4 6 7 |  7.7
Dodging        | |  1.3
Stealth        | |  0.4

Action                   |  1- 3 |  4- 6 |  7- 9 | 10-12 || total
-------------------------+-------+-------+-------+-------++-------
Melee: Short sword       |   164 |    78 |       |       ||   242
       Kick              |    32 |    16 |    16 |     4 ||    68
       Great sword       |       |       |    22 |    27 ||    49
       Spear             |       |       |    11 |       ||    11
       Battleaxe         |       |       |     6 |       ||     6
 Fire: Shortbow          |    46 |    97 |   510 |    66 ||   719
  Use: Scroll            |       |     7 |     4 |       ||    11
       Potion            |       |       |     2 |       ||     2
  Eat: Chunk             |     3 |     2 |    11 |     2 ||    18
       Meat ration       |       |     1 |       |       ||     1
       Pizza             |       |       |     2 |       ||     2
Armor: Leather armour    |    17 |       |       |       ||    17
       Ring mail         |    28 |    42 |    55 |     3 ||   128
       Chain mail        |       |       |       |    11 ||    11
Dodge: Dodged            |   149 |    88 |   167 |    23 ||   427
Block: Other             |     8 |     7 |    16 |     6 ||    37
       Reflection        |       |       |     1 |       ||     1
       Rpst.: Great sword |       |       |    13 |     4 ||    17
